 Dungeon Crawl Stone Soup version 0.19.5 (webtiles) character file.

44 Hybris the Skirmisher (level 3, -4/34 HPs)
             Began as a Hill Orc Abyssal Knight on Mar 29, 2017.
             Was a Follower of Lugonu.
             Slain by Grinder (5 damage)
             ... while paralysed by Grinder
             ... on level 3 of the Dungeon.
             The game lasted 00:03:07 (1907 turns).

Hybris the Skirmisher (Hill Orc Abyssal Knight)     Turns: 1907, Time: 00:03:08

Health: -4/34      AC:  7    Str: 15    XL:     3   Next: 62%
Magic:  4/4        EV:  2    Int: 12    God:    Lugonu [*.....]
Gold:   81         SH:  0    Dex: 10    Spells: 0 memorised, 2 levels left

rFire  . . .     SeeInvis .     a - +1 mace
rCold  . . .     Gourm    .     n - +0 scale mail
rNeg   . . .     Faith    .     (no shield)
rPois  .         Spirit   .     (no helmet)
rElec  .         Reflect  .     (no cloak)
rCorr  .         Harm     .     q - +0 pair of gloves
MR     .....                    (no boots)
Stlth  ..........               (no amulet)
                                (no ring)
                                (no ring)

@: paralysed
A: no striking features
a: Depart the Abyss, Renounce Religion


You were on level 3 of the Dungeon.
You worshipped Lugonu.
Lugonu was aware of your devotion.
You were not hungry.

You visited 1 branch of the dungeon, and saw 3 of its levels.
You visited the Abyss 1 time.

You collected 81 gold pieces.

Inventory:

Hand Weapons
 a - a +1 mace (weapon)
Armour
 b - a +0 leather armour
 n - a +0 scale mail (worn)
 q - a +0 pair of gloves (worn)
Scrolls
 e - 3 scrolls of amnesia {unknown}
 h - 4 scrolls of identify {unknown}
 k - a scroll of recharging {unknown}
 l - a scroll of enchant weapon {unknown}
 m - a scroll of blinking {unknown}
 p - a scroll of random uselessness {unknown}
Potions
 f - a potion of degeneration {unknown}
 g - a potion of experience {unknown}
 i - a potion of curing {unknown}
 j - a potion of invisibility {unknown}
Comestibles
 c - 2 bread rations
 d - a slice of pizza
 o - a meat ration
 r - a beef jerky
 s - 6 chunks of flesh


   Skills:
 + Level 4.4 Fighting
 * Level 3.5 Maces & Flails
 - Level 2.1 Armour
 - Level 0.7 Dodging
 - Level 2.4 Invocations


You had 2 spell levels left.
You didn't know any spells.

Dungeon Overview and Level Annotations

Branches:
Dungeon (3/15)

Altars:
Elyvilon

Annotations:
D:3 Grinder


Message History

Grinder is lightly wounded.
Grinder says, "Wait up."
Grinder closely misses you.
You barely miss Grinder.
Grinder is lightly wounded.
Grinder hits you.
You writhe in agony.
Grinder gestures at you.
You suddenly lose the ability to move!
Grinder hits you!
You writhe in agony.
* * * LOW HITPOINT WARNING * * *
Grinder hits you!
* * * LOW HITPOINT WARNING * * *
You writhe in agony.
* * * LOW HITPOINT WARNING * * *
Grinder hits you but does no damage. Grinder barely misses you.
Grinder hits you.
* * * LOW HITPOINT WARNING * * *
You writhe in agony.
You die...

......+..... #.....#....
#.....#... #........#
#........# . ..#........##
... ............# ....
.....<5@....# ....
.########....# ....
...........####. ....
................. ......#
..........#####...
......##..........# ...
..................#####...
..........................
.........<................


You could see Grinder.

Vanquished Creatures
  An adder (D:3)
  A dart slug (D:1)
  2 bats
  2 giant cockroaches
  2 goblins (D:1)
  7 hobgoblins
  2 jackals (D:2)
  2 quokkas (D:2)
  A ball python (D:2)
  2 frilled lizards
  5 kobolds
  3 rats
30 creatures vanquished.

Notes
Turn   | Place    | Note
-------+----------+-------------------------------------------
     0 | Abyss:1  | Hybris the Hill Orc Abyssal Knight began the quest for the Orb.
     0 | Abyss:1  | Reached XP level 1. HP: 19/19 MP: 2/2
    27 | Abyss:1  | Found an opulent altar of Gozag.
    35 | Abyss:1  | Noticed a wretched star
    39 | D:1      | Escaped the Abyss
   662 | D:1      | Reached XP level 2. HP: 27/27 MP: 3/3
   994 | D:1      | Reached * piety under Lugonu
  1168 | D:2      | Reached skill level 4 in Fighting
  1442 | D:2      | Reached XP level 3. HP: 33/33 MP: 4/4
  1483 | D:2      | Found a white marble altar of Elyvilon.
  1896 | D:3      | Noticed Grinder
  1902 | D:3      | Paralysed by Grinder for 6 turns
  1907 | D:3      | HP: 1/34 [Grinder (2)]
  1907 | D:3      | Slain by Grinder

Skill      XL: |  1  2 |
---------------+-------+-----
Maces & Flails | 3 |  3.5
Fighting       | 4 |  4.4
Armour         | |  2.1
Dodging        | |  0.7
Invocations    | |  2.4

Action                   || total
-------------------------++-------
Melee: Mace              ||    86
Invok: Depart the Abyss  ||     1
  Eat: Chunk             ||     3
Armor: Leather armour    ||    25
       Scale mail        ||    18
Dodge: Dodged            ||    44
